 Dungeon Crawl Stone Soup version 0.28.0-47-ge53b351184 (webtiles) character file.

Game seed: 2310668923229625935

235 croobank the Sneak (level 6, 0/39 HPs)
             Began as an Octopode Fire Elementalist on May 10, 2022.
             Slain by Blork the orc
             ... wielding a +0 flail
              (7 damage)
             ... on level 4 of the Dungeon.
             The game lasted 00:11:46 (4162 turns).

croobank the Sneak (Octopode Fire Elementalist)     Turns: 4162, Time: 00:11:48

Health: 0/39       AC:  1    Str:  6 (7)  XL:     6   Next: 6%
Magic:  4/10       EV: 13    Int: 18 (19) God:
Gold:   118        SH:  0    Dex: 10 (13) Spells: 1/10 levels left

rFire   . . .      SeeInvis .   m - +3 dagger (venom)
rCold   . . .      Faith    .   (no shield)
rNeg    . . .      Spirit   .   (helmet restricted)
rPois   .          Reflect  .   c - amulet of magic regeneration
rElec   .          Harm     .   (no ring)
rCorr   .          Rampage  .   (no ring)
Will    .....                   (no ring)
Stlth   +++.......              (no ring)
HPRegen 0.13/turn               (no ring)
MPRegen 0.52/turn               (no ring)
                                (no ring)
                                (no ring)

@: very slightly contaminated
A: almost no armour, amphibious, 8 rings, camouflage 1, gelatinous body 1,
(nimble swimmer 1), tentacles
a: no special abilities


You were on level 4 of the Dungeon.
You visited 1 branch of the dungeon, and saw 4 of its levels.

You collected 118 gold pieces.

Inventory:

Hand Weapons
 a - a +0 dagger of protection
 b - a +0 hunting sling of chaos
 j - a +2 quarterstaff of chaos
 m - a +3 dagger of venom (weapon)
Missiles
 e - 25 bolts
 f - 56 stones (quivered)
 g - 69 arrows
 i - 37 sling bullets
 n - 6 poisoned darts
Jewellery
 c - an amulet of magic regeneration (around mantle)
Scrolls
 k - a scroll of magic mapping
Potions
 d - a potion of magic
 h - a potion of attraction {unknown}
 p - a potion of curing {unknown}
 q - a potion of flight {unknown}


   Skills:
 + Level 1.7 Fighting
 + Level 3.0 Dodging
 + Level 4.3 Stealth
 + Level 2.9 Spellcasting
 + Level 2.4 Conjurations
 + Level 3.8 Fire Magic


You had one spell level left.
You knew the following spells:

 Your Spells              Type           Power      Damage    Failure   Level
a - Foxfire               Conj/Fire      56%        2x1d6     4%          1
b - Scorch                Fire           32%        2d7       4%          2
c - Flame Wave            Conj/Fire      14%        2d6       41%         4
d - Ensorcelled Hibernat  Hex/Ice        4%         N/A       26%         2

Your spell library contained the following spells:

 Spells                   Type           Power      Damage    Failure   Level
 Conjure Flame            Conj/Fire      14%        6-21      14%         3
 Inner Flame              Hex/Fire       9%         N/A       22%         3
 Passwall                 Tmut/Erth      1%         N/A       26%         2
 Swiftness                Air            2%         N/A       45%         3


Dungeon Overview and Level Annotations

Branches:
Dungeon (4/15)
 Temple: D:4-7

Altars:
Ru

Shops:
D:1 [*

Annotations:
D:3 2 transporters, styxcanada's ghost, amateur SpBr
D:4 Blork the orc; Menkaure; Pikel


Innate Abilities, Weirdness & Mutations

You cannot wear most types of armour.
You are amphibious.
You can wear up to eight rings at the same time.
Your skin changes colour to match your surroundings (Stealth+).
Your rubbery body absorbs attacks. (AC +1, EV +1)
((You are camouflaged when in or above water. (Stealth+)))
You have tentacles for arms and can constrict up to eight enemies at once.


Message History

You constrict Blork the orc, but do no damage.
Blork the orc hits you with a +0 flail.
You hit Blork the orc. You squeeze Blork the orc.
Blork the orc is heavily wounded.
You constrict Blork the orc. Blork the orc barely misses you.
Blork the orc hits you with a +0 flail.
You hit Blork the orc but do no damage.
Blork the orc is poisoned.
Blork the orc is heavily wounded.
You constrict Blork the orc. Blork the orc hits you with a +0 flail!
* * * LOW HITPOINT WARNING * * *
Casting: Scorch (safe; 4% risk of failure)
Confirm with . or Enter, or press ? or * to list all spells.
Flames lash the endoplasm.
The endoplasm is severely wounded.
The endoplasm's fire resistance burns away.
You constrict Blork the orc. Blork the orc completely misses you.
Blork the orc misses you.
Throw: throwing net
Press: ? - help, Q - select action, (/) - cycle Shift-Dir - straight line, f - Blork the orc
Aim: Blork the orc, wielding a +0 flail and wearing a +0 robe (heavily wounded, constricted by you, fast, very poisoned, more vulnerable to fire, 93% to hit)
You throw a throwing net.
The throwing net barely misses Blork the orc.
The throwing net hits the endoplasm.
The endoplasm is caught in the net!
The endoplasm is severely wounded.
You constrict Blork the orc. Blork the orc barely misses you.
The endoplasm struggles against the net.
Okay, then.
Casting: Scorch (safe; 4% risk of failure)
Confirm with . or Enter, or press ? or * to list all spells.
Aiming: Ensorcelled Hibernation (dangerous; 26% risk of failure)
Press: ? - help, Shift-Dir - straight line, f/p - Blork the orc
Aim: Blork the orc, wielding a +0 flail and wearing a +0 robe (severely wounded, constricted by you, fast, very poisoned, more vulnerable to fire, chance to affect: 35%)
You miscast Ensorcelled Hibernation.
You are very lightly contaminated with residual magic.
Nothing appears to happen.
You constrict Blork the orc. Blork the orc hits you with a +0 flail.
* * * LOW HITPOINT WARNING * * *
The endoplasm struggles against the net.
Blork the orc hits you with a +0 flail!
You die...

#.# #.# #.# #### #.# #.).
#.# #... #.# #...
#######.######
####...########............#
........B..KKJo@....>.###.##
...#...########.####..# #.#
#...Z. #.# #..# #.# #..w..
#.# #..###.###### #....K #.#
#......#..... #..... #.#
#...#.....### #..... #.#
#.......#.## #..<..
#.#####......#..#
#......#.###.#..#


You could see Blork the orc (fast, very poisoned, combustible), an endoplasm
(summoned, caught, combustible), a giant cockroach (summoned) and 2 kobolds.

Vanquished Creatures
  Crazy Yiuf (D:3)
  An orc wizard (D:3)
  7 gnolls (D:3)
  2 adders
  A worm (D:2)
  5 dart slugs
  4 orcs (D:3)
  6 bats
  5 endoplasms
  9 goblins
  3 hobgoblins
  2 jackals (D:1)
  8 kobolds
  2 quokkas
  8 ball pythons
  10 frilled lizards
  11 rats
85 creatures vanquished.

Vanquished Creatures (others)
  A demonic plant (D:2)
  142 foxfires
  A fungus (D:2)
  9 plants
  2 withered plants (D:2)
155 creatures vanquished.

Grand Total: 240 creatures vanquished

Notes
Turn   | Place    | Note
-------+----------+-------------------------------------------
     0 | D:1      | croobank the Octopode Fire Elementalist began the quest for
                  | the Orb.
     0 | D:1      | Reached XP level 1. HP: 11/11 MP: 3/3
    45 | D:1      | Found Faomuoga's Antique Armour Shop.
   161 | D:1      | Found Deocosu's Assorted Antiques.
   361 | D:1      | Reached XP level 2. HP: 17/17 MP: 1/5
   498 | D:1      | Reached skill level 3 in Stealth
   598 | D:1      | Reached XP level 3. HP: 6/22 MP: 6/6
  1168 | D:1      | Learned a level 2 spell: Scorch
  1856 | D:2      | Reached XP level 4. HP: 16/27 MP: 5/7
  2003 | D:2      | Learned a level 4 spell: Flame Wave
  2205 | D:2      | Found a faded altar of an unknown god.
  2640 | D:3      | Reached skill level 1 in Fighting
  2774 | D:4      | Noticed Blork the orc
  2774 | D:4      | Noticed Pikel
  2774 | D:4      | Noticed a lemure
  2774 | D:4      | Noticed a lemure
  2777 | D:4      | Noticed Menkaure
  2906 | D:3      | Reached XP level 5. HP: 9/33 MP: 2/8
  3223 | D:3      | Reached skill level 4 in Stealth
  3382 | D:3      | Found a transporter.
  3460 | D:3      | Found a sacrificial altar of Ru.
  3663 | D:3      | Found a transporter.
  3663 | D:3      | Identified the +12 halberd of Uskayaw's Hope {venom, rF+
                  | MP+9}
  3664 | D:3      | Noticed styxcanada's ghost (amateur SpBr)
  3977 | D:3      | Found a runed translucent door.
  4005 | D:3      | Learned a level 2 spell: Ensorcelled Hibernation
  4005 | D:3      | Noticed Crazy Yiuf
  4013 | D:3      | Killed Crazy Yiuf
  4014 | D:3      | Reached XP level 6. HP: 39/39 MP: 7/10
  4162 | D:4      | Slain by Blork the orc

Illustrated notes

Levels and vault maps discovered:
D:1:      wander_arrival_estate, layout_basic, serial_shops,
          nicolae_shop_behind_doors, nicolae_shop_hallway_stairs
D:2:      layout_basic, shapermc_ecumenical_altar_gd,
          chequers_serial_rivers_micro_c, grunt_ministairs_8,
          kennysheep_decorative_pillar
D:3:      layout_loops_cross, nicolae_ru_awakened_eye,
          gammafunk_ghost_gnarly_gnolls, grunt_decor_mini_mirrors,
          uniq_crazy_yiuf_cottage
D:4:      layout_basic, minmay_temple_entry_offerings, uniq_grinder,
          uniq_blork_the_orc, uniq_menkaure, uniq_pikel

Skill      XL: |  1  2  3  4  5 |
---------------+----------------+-----
Stealth        | 3 4 |  4.3
Fighting       | 1 |  1.7
Conjurations   | 2 |  2.4
Dodging        | 3 |  3.0
Spellcasting   | |  2.9
Fire Magic     | |  3.8

Action                   |  1- 3 |  4- 6 || total
-------------------------+-------+-------++-------
Melee: Unarmed           |    16 |       ||    16
       Constrict         |    10 |     3 ||    13
       Tentacles         |     6 |     3 ||     9
       Dagger            |     4 |     9 ||    13
Throw: Throwing net      |       |     1 ||     1
 Cast: Foxfire           |    47 |    36 ||    83
       Scorch            |     6 |    28 ||    34
       Flame Wave        |       |     1 ||     1
  Use: Scroll            |     1 |     4 ||     5
       Potion            |       |     2 ||     2
 Stab: Sleeping          |       |     2 ||     2
Armor: Skin              |     6 |       ||     6
Dodge: Dodged            |    24 |    24 ||    48
